 Dungeon Crawl Stone Soup version 0.21.1-1-g345015f (webtiles) character file.

17 Mgcat the Grave Robber (level 2, -1/19 HPs)
             Began as a Mummy Necromancer on Feb 5, 2018.
             Slain by a jackal (3 damage)
             ... on level 1 of the Dungeon.
             The game lasted 00:02:28 (507 turns).

Mgcat the Grave Robber (Mummy Necromancer)           Turns: 507, Time: 00:02:28

Health: -1/19      AC:  2    Str: 11    XL:     2   Next: 44%
Magic:  1/6        EV: 12    Int: 14    God:
Gold:   6          SH:  0    Dex: 12    Spells: 5/7 levels left

rFire    x . .     SeeInvis .   c - +0 dagger
rCold    + . .     Gourm    .   (no shield)
rNeg     + + +     Faith    .   a - +0 robe
rPois    ∞         Spirit   .   (no helmet)
rElec    .         Reflect  .   (no cloak)
rCorr    .         Harm     .   (no gloves)
MR       .....                  (no boots)
Stlth    ++........             (no amulet)
HPRegen  0.06/turn              (no ring)
MPRegen  0.10/turn              (no ring)

@: no status effects
A: no food or potions, fire vulnerability, cold resistance 1, negative energy
resistance 3, torment resistance, unbreathing
a: no special abilities


You were on level 1 of the Dungeon.
You were not hungry.

You visited 1 branch of the dungeon, and saw 1 of its levels.

You collected 6 gold pieces.

Inventory:

Hand Weapons
 c - a +0 dagger (weapon)
   (You took it off a goblin on level 1 of the Dungeon)
Armour
 a - a +0 robe (worn)
Scrolls
 d - a scroll of enchant weapon {unknown}
Books
 b - a book of Necromancy


   Skills:
 - Level 1.5 Dodging
 + Level 1.7 Stealth
 + Level 3.3 Spellcasting
 + Level 4.3 Necromancy


You had 5 spell levels left.
You knew the following spells:

 Your Spells              Type           Power        Failure   Level  Hunger
a - Pain                  Necr           ##..         3%          1    N/A
b - Animate Skeleton      Necr           N/A          3%          1    N/A

Dungeon Overview and Level Annotations

Branches:
Dungeon (1/15)

Altars:
Nemelex Xobeh


Innate Abilities, Weirdness & Mutations

You do not eat or drink.
Your flesh is vulnerable to fire.
You are immune to poison.
Your flesh is cold resistant. (rC+)
You are immune to negative energy. (rN+++)
You are immune to unholy pain and torment.
You can survive without breathing.


Message History

Before your eyes, flesh is ripped from the corpse!
The dead are walking!
The jackal barks!
The jackal stops to sniff the ground.
You see here 3 chunks of flesh {@w0}.
Something bites your jackal skeleton.
Your jackal skeleton misses the jackal.
Your jackal skeleton bites the jackal but does no damage.
The jackal bites your jackal skeleton. The jackal bites your jackal skeleton.
Your jackal skeleton bites the jackal.
The jackal bites your jackal skeleton.
Your jackal skeleton is destroyed!
Casting: Animate Skeleton
Confirm with . or Enter, or press ? or * to list all spells.
Aiming: Pain
Press: ? - help, Shift-Dir - straight line, f - jackal
Aim: a jackal (chance to defeat MR: 85%)
The jackal writhes in agony!
Casting: Pain
Confirm with . or Enter, or press ? or * to list all spells.
You don't have enough magic to cast that spell.
You hit the jackal.
You kill the jackal!
Casting: Pain
Confirm with . or Enter, or press ? or * to list all spells.
You don't have enough magic to cast that spell.
You hit the jackal.
The jackal is lightly wounded.
The jackal barely misses you.
Casting: Pain
Confirm with . or Enter, or press ? or * to list all spells.
Aiming: Pain
Press: ? - help, Shift-Dir - straight line, f - jackal
Aim: a jackal (lightly wounded, chance to defeat MR: 85%)
The jackal writhes in agony!
The jackal misses you. The jackal barely misses you.
You barely miss the jackal.
The jackal is severely wounded.
The jackal bites you.
You closely miss the jackal.
The jackal is severely wounded.
The jackal bites you. The jackal misses you.
You hit the jackal.
The jackal is almost dead.
The jackal completely misses you.
You closely miss the jackal.
The jackal is almost dead.
The jackal bites you.
You hit the jackal.
You kill the jackal!
The jackal barely misses you.
Your magical contamination has completely faded away.
You closely miss the jackal. The jackal bites you.
You closely miss the jackal. The jackal bites you. The jackal misses you.
You closely miss the jackal. The jackal barely misses you.
You closely miss the jackal. The jackal closely misses you.
Casting: Pain
Confirm with . or Enter, or press ? or * to list all spells.
Aiming: Pain
Press: ? - help, Shift-Dir - straight line, f - jackal
Aim: a jackal (chance to defeat MR: 85%)
The jackal writhes in agony!
The jackal barely misses you.
The jackal bites you but does no damage.
You closely miss the jackal.
The jackal is lightly wounded.
The jackal barely misses you.
You hit the jackal but do no damage.
The jackal is lightly wounded.
The jackal bites you but does no damage. x2
You hit the jackal.
The jackal is heavily wounded.
The jackal barely misses you.
You hit the jackal but do no damage.
The jackal is heavily wounded.
The jackal bites you but does no damage.
The ooze quivers.
You hit the jackal.
The jackal is almost dead.
The jackal bites you.
The jackal bites you but does no damage.
You closely miss the jackal.
The jackal is almost dead.
The jackal bites you but does no damage.
You barely miss the jackal.
The jackal is almost dead.
The jackal barely misses you. The jackal bites you.
* * * LOW HITPOINT WARNING * * *
You hit the jackal but do no damage.
The jackal is almost dead.
The jackal misses you.
You miss the jackal.
The jackal is almost dead.
The jackal bites you.
* * * LOW HITPOINT WARNING * * *
You barely miss the jackal.
The jackal is almost dead.
The jackal bites you.
* * * LOW HITPOINT WARNING * * *
The jackal bites you.
You die...

≈≈≈P≈P♣..........## #..
≈P≈P≈≈P≈.........# #..
≈≈≈P≈P≈♣.........##### #..
≈≈≈≈≈≈≈.............###.. ≈≈≈≈≈
≈≈P≈P≈♣♣..........###.##...
≈≈≈≈≈♣≈≈≈≈≈≈♣....................
≈≈≈P≈≈≈≈≈PP≈♣.##J#######.##.#..#.
≈≈≈≈≈P♣≈♣♣≈≈#.##h#.......##.#.##.
P♣≈≈≈≈P♣♣≈..#.##@#.#..........##.
♣≈≈≈≈≈).....#......#..........#..
#...........#......#.............
............#......#............#
......................(........##
..#.#######.#.##.#....†........##
..#.# #.#.##.#)....†........#
..#.## #.#.##.#.#.########'''#
#....# #.#.##.#.#.# ######...#


You could see an ooze and a jackal.

Vanquished Creatures
  2 leopard geckos (D:1)
  2 goblins (D:1)
  3 jackals (D:1)
  A kobold (D:1)
  2 bats (D:1)
  A frilled lizard (D:1)
  3 rats (D:1)
14 creatures vanquished.

Notes
Turn   | Place    | Note
-------+----------+-------------------------------------------
     0 | D:1      | Mgcat the Mummy Necromancer began the quest for the Orb.
     0 | D:1      | Reached XP level 1. HP: 13/13 MP: 4/4
   127 | D:1      | Learned a level 1 spell: Animate Skeleton
   207 | D:1      | Reached skill level 3 in Spellcasting
   246 | D:1      | Reached XP level 2. HP: 14/19 MP: 0/6
   441 | D:1      | Found a sparkling altar of Nemelex Xobeh.
   506 | D:1      | HP: 4/19 [jackal (1)]
   507 | D:1      | Slain by a jackal

Skill      XL: |  1 |
---------------+----+-----
Spellcasting   | 3 |  3.3
Dodging        | |  1.5
Stealth        | |  1.7
Necromancy     | |  4.3

Action                   || total
-------------------------++-------
Melee: Dagger            ||    24
       Unarmed           ||     1
 Cast: Pain              ||    27
       Animate Skeleton  ||     2
Armor: Robe              ||     8
Dodge: Dodged            ||    18

Vault maps used:
D:1:      minmay_arrival_split_and_join, serial_bayou, serial_bayou_lake_a,
          serial_bayou_shore_b, serial_bayou_shore_a, serial_bayou_lagoon_a,
          serial_bayou_pond_e, nemelex_altar_shiori

Table legend:
 A = Turns spent in this place as a percentage of turns spent in the entire game.
 B = Non-inter-level travel turns spent in this place as a percentage of non-inter-level travel turns spent in the entire game.
 C = Inter-level travel turns spent in this place as a percentage of turns spent in this place.
 D = Turns resting spent in this place as a percentage of non-inter-level travel turns spent in this place.
 E = Turns spent auto-exploring this place as a percentage of non-inter-level travel turns spent in this place.
 F = Non-inter-level travel turns spent in this place divided by the number of levels of this place that you've seen.
                   A       B       C       D       E      F
               +-------+-------+-------+-------+-------+----------------------
         Total | 100.0 | 100.0 |   0.0 |   0.0 |  78.3 | 507.0
       Dungeon | 100.0 | 100.0 |   0.0 |   0.0 |  78.3 | 507.0
               +-------+-------+-------+-------+-------+----------------------

Table legend:
 A = Kills in this place as a percentage of kills in entire the game.
 B = Kills by you in this place as a percentage of kills by you in the entire game.
 C = Kills by friends in this place as a percentage of kills by friends in the entire game.
 D = Other kills in this place as a percentage of other kills in the entire game.
 E = Experience gained in this place as a percentage of experience gained in the entire game.
 F = Experience gained in this place divided by the number of levels of this place that you have seen.
                   A       B       C       D       E      F
               +-------+-------+-------+-------+-------+----------------------
         Total | 100.0 | 100.0 |   N/A |   N/A | 100.0 |  25.0
       Dungeon | 100.0 | 100.0 |   N/A |   N/A | 100.0 |  25.0
               +-------+-------+-------+-------+-------+----------------------
